 Dungeon Crawl Stone Soup version 0.24.1-8-ga250c9d538 (webtiles) character file.

Game seed: 731364496836602279, levelgen mode: deterministic

30 Peloso the Skirmisher (level 3, 29/29 HPs)
             Began as a Demonspawn Fighter on Apr 28, 2020.
             Got out of the dungeon alive.
             The game lasted 00:01:27 (619 turns).

Peloso the Skirmisher (Demonspawn Fighter)           Turns: 619, Time: 00:01:28

Health: 29/29      AC:  3    Str: 15    XL:     3   Next: 3%
Magic:  3/3        EV:  6    Int: 11    God:
Gold:   49         SH:  8    Dex: 12    Spells: 2/2 levels left

rFire    . . .     SeeInvis .   a - +0 long sword
rCold    + . .     Gourm    .   c - +0 shield
rNeg     . . .     Faith    .   b - +0 scale mail
rPois    .         Spirit   .   (no helmet)
rElec    .         Reflect  .   (no cloak)
rCorr    .         Harm     .   (no gloves)
MR       .....                  (no boots)
Stlth    ..........             (no amulet)
HPRegen  0.09/turn              (no ring)
MPRegen  0.08/turn              (no ring)

@: no status effects
A: claws 1, clever 1, cold resistance 1, deformed body, sense surroundings 1,
weak 1
a: no special abilities


You escaped.
You were not hungry.

You visited 1 branch of the dungeon, and saw 1 of its levels.

You collected 49 gold pieces.

Inventory:

Hand Weapons
 a - a +0 long sword (weapon)
Armour
 b - a +0 scale mail (worn)
 c - a +0 shield (worn)
Scrolls
 e - a scroll of fear {unknown}
Potions
 d - a potion of might
Comestibles
 f - 4 rations


   Skills:
 + Level 3.2 Fighting
 + Level 2.1 Long Blades
 + Level 3.1 Armour
 + Level 0.3 Dodging
 + Level 3.0 Shields


You had 2 spell levels left.
You didn't know any spells.
Your spell library was empty.

Dungeon Overview and Level Annotations

Branches:
Dungeon (1/15)

Altars:


Innate Abilities, Weirdness & Mutations

You have sharp fingernails.
Your flesh is cold resistant. (rC+)
Your mind is acute. (Int +2)
Armour fits poorly on your strangely shaped body.
You passively map a small area around you.
You are weak. (Str -2)


Message History

You hit the goblin.
You kill the goblin!
g - a fuming sapphire potion It was a potion of mutation.
You feel extremely strange.
Your body twists and deforms.
You feel a strange attunement to the structure of the dungeons.
You feel weaker.
You feel clever.
(D) Dungeon
Where to? (? - help)
What level of the Dungeon? (default 1, ? - help)
You see here a rat corpse.
You open the door.
There is an open door here.
There is an open door here.
There is an open door here.
You see here 22 sling bullets.
There is an open door here.
There is a staircase leading out of the dungeon here.
Are you sure you want to leave the Dungeon?
This will make you lose the game!
You have escaped!

#.....#################......#
#....## ###.......### ##.....#
#...## ##...........## ##....#
#...# *#....##'##....## #....#
#...# ...####.####...# #....##
#..## ..##.....§.##..####.....
#..# ..#..≈≈≈≈§§.#...# #....#
#..# .##.≈§..§§≈.##..# #....#
#..# .##.≈≈.@§≈§§##..# #....#
#..# .##.≈≈...≈≈§##..# #....#
#..# ..#..≈≈.≈§..#.(.# #....#
#..## ..##.......##..####....#
#...# ...#########...# #.....#
#...# #....#####....## #.....#
###...## ##...........## ##...[..
..#....## ###.......### ##....#.#
..#.....########.########........


There were no monsters in sight!

Vanquished Creatures
  An ooze (D:1)
  A dart slug (D:1)
  2 leopard geckos (D:1)
  5 bats (D:1)
  2 goblins (D:1)
  A hobgoblin (D:1)
  2 jackals (D:1)
  2 frilled lizards (D:1)
  2 kobolds (D:1)
  6 rats (D:1)
24 creatures vanquished.

Notes
Turn   | Place    | Note
-------+----------+-------------------------------------------
     0 | D:1      | Peloso the Demonspawn Fighter began the quest for the Orb.
     0 | D:1      | Reached XP level 1. HP: 18/18 MP: 1/1
   169 | D:1      | Gained mutation: Your flesh is cold resistant. (rC+)
                  | [demonic ancestry]
   169 | D:1      | Reached XP level 2. HP: 11/24 MP: 2/2
   501 | D:1      | Gained mutation: You have sharp fingernails. [demonic
                  | ancestry]
   501 | D:1      | Reached XP level 3. HP: 29/29 MP: 3/3
   516 | D:1      | Gained mutation: Armour fits poorly on your strangely
                  | shaped body. [potion of mutation]
   516 | D:1      | Gained mutation: You passively map a small area around you.
                  | [potion of mutation]
   516 | D:1      | Gained mutation: You are weak. (Str -2) [potion of
                  | mutation]
   516 | D:1      | Gained mutation: Your mind is acute. (Int +2) [potion of
                  | mutation]
   619 | D:$      | Got out of the dungeon alive.

Levels and vault maps discovered:
D:1:      dpeg_arrival_concentric_ovals, layout_basic, hangedman_decor_slide_cut

Skill      XL: |  1  2 |
---------------+-------+-----
Armour         | 3 |  3.1
Long Blades    | 2 |  2.1
Shields        | 3 |  3.0
Fighting       | |  3.2
Dodging        | |  0.3

Action                   || total
-------------------------++-------
Melee: Long sword        ||    80
  Use: Potion            ||     1
Armor: Scale mail        ||    73
Dodge: Dodged            ||    33
Block: Shield            ||    51
       Rpst.: Long sword ||    13
